 Dungeon Crawl Stone Soup version bcrawl-1.27.5 (console) character file.

Game seed: 16523840304181604249

317947 FIQ the Cruncher (level 10, 0/61 HPs)
             Began as a Jungle Stalker Archaeologist on Aug 13, 2020.
             Slain by a killer bee (4 damage)
             ... on level 7 of the Dungeon.
             The game lasted 00:32:58 (7648 turns).

FIQ the Cruncher (Jungle Stalker Archaeologist)     Turns: 7648, Time: 00:32:59

Health: 0/61       AC:  6    Str: 20      XL:     10   Next: 45%
Magic:  0/14       EV: 15    Int: 20 (21) God:
Gold:   261        SH:  0    Dex: 11 (12) Spells: 9/9 levels left

rFire    . . .     SeeInvis .   f - +9 staff of Olgreb {rPois}
rCold    . . .     Gourm    .   (no shield)
rNeg     . . .     Faith    .   b - +1 robe
rPois    ∞         Spirit   +   c - +1 hat
rElec    .         Reflect  .   y - scarf {Spirit}
rCorr    .         Harm     .   (no gloves)
MR       +....     Rnd*Tele +   d - +1 pair of boots
Stlth    ++++......             h - amulet of the acrobat
HPRegen  0.60/turn              k - +7 ring of intelligence
MPRegen  0.14/turn              t - ring of stealth

@: drained
A: fangs 3, deterioration 1, poison resistance, regeneration 1, strong 1,
teleportitis 1, acidic bite, no potion heal 3, rot immunity, strong jaws
a: no special abilities


You were on level 7 of the Dungeon.
You were hungry.

You visited 2 branches of the dungeon, and saw 9 of its levels.

You collected 527 gold pieces.
You spent 266 gold pieces at shops.

Inventory:

Hand Weapons
 a - a +0 whip
 f - the +9 staff of Olgreb (weapon) {rPois}
   (You acquired it on level 3 of the Dungeon)

   It protects you from poison.
 r - a +2 mace of protection
Armour
 b - a +1 robe (worn)
 c - a +1 hat (worn)
 d - a +1 pair of boots (worn)
 y - a scarf of spirit shield (worn)
Jewellery
 h - an amulet of the acrobat (around neck)
 k - a +7 ring of intelligence (left hand)
 t - a ring of stealth (right hand)
 C - an uncursed ring of insulation
Wands
 p - a wand of enslavement (11)
 F - a wand of disintegration (19)
 G - a wand of polymorph (13)
Scrolls
 g - 3 scrolls of magic mapping
 i - a scroll of noise {unknown}
 j - 6 scrolls of teleportation
 l - 2 scrolls of amnesia {unknown}
 m - a scroll of fear
 q - 2 scrolls of identify
 v - 5 scrolls of enchant weapon
 x - 2 scrolls of fog {unknown}
 z - 3 scrolls of remove curse
 A - a scroll of immolation
Potions
 o - a potion of brilliance
 s - 2 potions of ambrosia
 u - a potion of flight
 w - 4 potions of curing
Comestibles
 e - 13 rations {!d}
 n - 4 chunks of flesh


   Skills:
 + Level 6.3(5.1) Fighting
 - Level 3.2(5.0) Maces & Flails
 * Level 8.3(7.3) Staves
 + Level 7.5(6.3) Dodging
 - Level 4.4(3.2) Stealth
 - Level 5.2(4.0) Evocations


You had 9 spell levels left.
You didn't know any spells.
Your spell library contained the following spells:

 Spells                   Type           Power        Failure   Level  Hunger
 Confuse                  Hex            #.......     50%         3    #####..
 Dazzling Orbs            Conj/Hex       #......      50%         3    #####..
 Petrify                  Tmut/Erth      #.........   88%         4    ######.
 Yara's Violent Unravell  Hex/Tmut       #.........   88%         4    ######.
 Metabolic Englaciation   Hex/Ice        #.........   99%         5    #######
 Mana Rupture             Conj/Hex       #.........   100%        7    #######


Dungeon Overview and Level Annotations

Branches:
Dungeon (8/12)             Temple (1/1) D:7             Orc (0/1) D:8
   Lair: D:7-9

Altars:
Ashenzari
Cheibriados
Dithmenos
Elyvilon
Gozag
Hepliaklqana
Kikubaaqudgha
Makhleb
Nemelex Xobeh
Ru
Sif Muna
Trog
Uskayaw
Vehumet
Wu Jian
Xom
Yredelemnul
Zin
The Shining One

Shops:
D:4 ?   D:5 *?:(   D:7 (

Annotations:
D:2 1 runed door
D:8 Joseph


Innate Abilities, Weirdness & Mutations

You have razor-sharp teeth.
Your system is resistant to poisons. (rPois)
Your natural rate of healing is unusually fast.
You have acidic saliva.
Potions cannot restore your health.
You are immune to rotting.
Your bites deal extra damage.
Your body sometimes deteriorates upon taking damage.
Your muscles are strong. (Str +2)
You are occasionally teleported next to monsters.


Message History

* * * LOW HITPOINT WARNING * * *
Your body deteriorates!
You feel dopey.
You feel drained.
* * * LOW HITPOINT WARNING * * *
The killer bee closely misses you.
The orc knight roars a battlecry!
The orc goes into a battle-frenzy!
The killer bee completely misses you. The killer bee misses you.
There is a stone staircase leading up here.
The killer bee stings you.
* * * LOW HITPOINT WARNING * * *
The killer bee stings you!
* * * LOW HITPOINT WARNING * * *
You climb upwards.
There is a stone staircase leading down here.
You sock the killer bee!
The killer bee is poisoned.
The killer bee is heavily wounded.
The killer bee stings you.
You die...

#........# ##.####### #.# #.#
#.# #######.## #........#
###..###.(.# ......##..<##
......#...<.#######
##..............@.#
##...###...######y# ##...#
#...# #.# ##...###...# #.#
##.........# #.# #######
...#####...## #.# ##.....#
#### ##.....## #.####..#.#.#
## ##.......## #........_..#
>####.........####...#..#.###
....'.........+.......#...#
.####.........####......###


You could see a killer bee.

Vanquished Creatures
  A troll (D:7)
  2 hippogriffs
  Eustachio (D:6)
  A hungry ghost (D:7)
  Menkaure (D:6)
  A water moccasin (D:8)
  Duvessa (D:6)
  An orc warrior (D:7)
  An ice beast (D:3)
  2 sky beasts
  2 phantoms
  2 necrophages
  4 ogres
  A centaur (D:7)
  4 bullfrogs
  2 big kobolds (D:8)
  Dowan (D:6)
  4 scorpions
  A water moccasin skeleton (D:5)
  4 wights (D:6)
  2 howler monkeys
  4 crimson imps
  2 centaur zombies
  An orc priest (D:6)
  4 hounds
  A jelly (D:8)
  7 orc wizards
  6 worker ants
  2 iguanas
  A hound skeleton (D:5)
  8 gnolls
  13 adders
  2 shadow imps
  2 oozes
  An adder skeleton (D:4)
  4 worms
  4 dart slugs
  3 leopard geckos
  27 orcs
  5 giant cockroaches
  8 goblins
  7 hobgoblins
  8 jackals
  11 kobolds
  3 quokkas
  A ball python (D:3)
  3 bats
  2 frilled lizards
  4 rats
183 creatures vanquished.

Vanquished Creatures (others)
  An ogre (D:8)
1 creature vanquished.

Grand Total: 184 creatures vanquished

Notes
Turn   | Place    | Note
-------+----------+-------------------------------------------
     0 | D:1      | FIQ the Vine Stalker Archaeologist began the quest for the
                  | Orb.
     0 | D:1      | Reached XP level 1. HP: 11/11 MP: 2/2
    13 | D:1      | Reached skill level 1 in Maces & Flails
    20 | D:1      | Reached skill level 1 in Fighting
    97 | D:1      | Reached XP level 2. HP: 16/16 MP: 3/3
   229 | D:1      | Reached XP level 3. HP: 20/20 MP: 4/4
   816 | D:1      | Gained mutation: You are partially covered in molten
                  | scales. (AC +2) [potion of mutation]
   816 | D:1      | Gained mutation: You are resistant to hostile enchantments.
                  | (MR+) [potion of mutation]
   873 | D:2      | Found a shadowy altar of Dithmenos.
  1217 | D:2      | Found a hide-covered altar of Uskayaw.
  1280 | D:2      | Reached XP level 4. HP: 26/26 MP: 5/5
  1404 | D:2      | Found a runed door.
  1705 | D:2      | Found a shimmering blue altar of Sif Muna.
  1930 | D:3      | Reached XP level 5. HP: 30/30 MP: 6/6
  1930 | D:3      | Identified a scroll of acquirement
  1946 | D:3      | Identified the +0 pair of gloves "Xuxeryl" {rCorr Int+9
                  | Dex-5 Slay-2} (You acquired it on level 3 of the Dungeon)
  1946 | D:3      | Identified the ring "Usache" {MP-9 Str+2 Int+6 Dex+2} (You
                  | acquired it on level 3 of the Dungeon)
  1947 | D:3      | Found the +9 staff of Olgreb {rPois}
  2017 | D:3      | Found a sacrificial altar of Ru.
  2360 | D:3      | Noticed an ice beast
  2792 | D:3      | Killed an ice beast
  2792 | D:3      | Reached skill level 1 in Staves
  2792 | D:3      | Reached skill level 1 in Evocations
  2792 | D:3      | Gained mutation: You have razor-sharp teeth. [Vine Stalker
                  | growth]
  2792 | D:3      | Reached XP level 6. HP: 32/36 MP: 5/7
  2829 | D:4      | Noticed a hippogriff
  2836 | D:4      | Reached skill level 2 in Staves
  2843 | D:4      | Killed a hippogriff
  2843 | D:4      | Reached XP level 7. HP: 41/41 MP: 7/9
  2879 | D:4      | Reached skill level 3 in Staves
  2947 | D:4      | Found Xuateis's Magic Scroll Boutique.
  2957 | D:4      | Bought a scroll of teleportation for 42 gold pieces
  2957 | D:4      | Bought a scroll of immolation for 49 gold pieces
  2957 | D:4      | Bought a scroll of fear for 70 gold pieces
  2957 | D:4      | Bought a scroll of enchant weapon for 105 gold pieces
  3420 | D:4      | Reached skill level 5 in Dodging
  3433 | D:4      | Reached skill level 4 in Staves
  3433 | D:4      | Gained mutation: You have acidic saliva. [Jungle Stalker
                  | growth]
  3433 | D:4      | Gained mutation: Your system is resistant to poisons.
                  | (rPois) [Jungle Stalker growth]
  3433 | D:4      | Reached XP level 8. HP: 36/48 MP: 7/11
  3685 | D:5      | Entered Level 5 of the Dungeon
  3758 | D:5      | Found Akhont's General Store.
  3846 | D:5      | Found an ornate altar of the Wu Jian Council.
  4043 | D:5      | Found Fisir's Book Emporium.
  4098 | D:5      | Found Qevak's Antique Weapon Emporium.
  4177 | D:5      | Reached skill level 5 in Staves
  4333 | D:5      | Found Kabug's Magic Scroll Boutique.
  4871 | D:6      | Reached XP level 9. HP: 52/52 MP: 10/12
  4907 | D:6      | Noticed Menkaure
  4933 | D:6      | Killed Menkaure
  5075 | D:6      | Reached skill level 6 in Staves
  5076 | D:6      | Noticed Eustachio
  5102 | D:6      | Killed Eustachio
  5102 | D:6      | Reached skill level 5 in Fighting
  5214 | D:6      | Noticed Duvessa
  5219 | D:6      | Noticed Dowan
  5227 | D:6      | Killed Duvessa
  5237 | D:6      | Killed Dowan
  5725 | D:6      | Lost mutation: You are resistant to hostile enchantments.
                  | (MR+) [potion of mutation]
  5725 | D:6      | Lost mutation: You are partially covered in molten scales.
                  | (AC +2) [potion of mutation]
  5725 | D:6      | Gained mutation: Your body sometimes deteriorates upon
                  | taking damage. [potion of mutation]
  5725 | D:6      | Gained mutation: You are occasionally teleported next to
                  | monsters. [potion of mutation]
  5725 | D:6      | Gained mutation: Your muscles are strong. (Str +2) [potion
                  | of mutation]
  5750 | D:7      | Found a staircase to the Ecumenical Temple.
  5787 | D:7      | Found a shimmering altar of Xom.
  5879 | Temple   | Entered the Ecumenical Temple
  6394 | D:7      | Reached skill level 7 in Staves
  6400 | D:7      | Found Riqaruur's Antique Weapon Shop.
  6427 | D:7      | Found an ancient bone altar of Kikubaaqudgha.
  6548 | D:7      | Found a shattered altar of Ashenzari.
  6582 | D:7      | Reached skill level 5 in Evocations
  6582 | D:7      | Reached XP level 10. HP: 53/60 MP: 10/14
  7307 | D:8      | Noticed an orc knight
  7308 | D:8      | Found a staircase to the Orcish Mines.
  7308 | D:8      | Noticed an orc knight
  7308 | D:8      | Noticed an orc knight
  7308 | D:8      | Noticed an orc knight
  7312 | D:8      | Noticed Joseph
  7461 | D:8      | Reached skill level 8 in Staves
  7554 | D:8      | Noticed an orc knight
  7646 | D:8      | HP: 2/61 [killer bee (7)]
  7648 | D:7      | Slain by a killer bee

Skill      XL: |  1  2  3  4  5  6  7  8  9 10 |
---------------+-------------------------------+-----
Maces & Flails | 1 2 3 |  3.2
Fighting       | 1 2 3 4 5 6 |  6.3
Dodging        | 4 5 6 7 |  7.5
Staves         | 1 2 4 5 7 8 |  8.3
Evocations     | 1 2 3 5 |  5.2
Stealth        | |  4.4

Action                   |  1- 3 |  4- 6 |  7- 9 | 10-12 || total
-------------------------+-------+-------+-------+-------++-------
Melee: Whip              |   180 |     4 |       |       ||   184
       Bite              |    19 |     9 |    26 |    10 ||    64
       Mace              |       |    40 |       |       ||    40
       Staff             |       |    50 |   278 |   105 ||   433
Evoke: Staff of Olgreb   |       |     1 |     6 |     8 ||    15
  Use: Potion            |     2 |     1 |     1 |     3 ||     7
       Scroll            |       |     5 |     6 |     2 ||    13
 Stab: Sleeping          |     5 |     9 |    19 |     3 ||    36
       Invisible         |       |       |       |     3 ||     3
  Eat: Chunk             |     5 |     8 |    20 |     5 ||    38
       Ration            |       |       |       |     1 ||     1
Armor: Robe              |    51 |    35 |    41 |    20 ||   147
       Skin              |       |    35 |    13 |       ||    48
Dodge: Dodged            |   105 |    72 |   141 |   179 ||   497
